 Dungeon Crawl Stone Soup version 0.30-a0-476-g330ca2eb8e (webtiles) character file.

Game seed: 6216511043688141700

102 xzight the Sneak (level 4, -4/21 HPs)
             Began as a Spriggan Enchanter on Dec 21, 2022.
             Killed by nerve-wracking pain
             ... invoked by a shadow imp
             ... summoned by Natasha
              (9 damage)
             ... on level 3 of the Dungeon.
             The game lasted 00:05:21 (2316 turns).

xzight the Sneak (Spriggan Enchanter)               Turns: 2316, Time: 00:05:23

Health: -4/21      AC:  6    Str:  4    XL:     4   Next: 50%
Magic:  10/10      EV: 18    Int: 18    God:
Gold:   162        SH:  0    Dex: 15    Spells: 8/10 levels left

rFire   . . .      SeeInvis +    a - +1 dagger
rCold   . . .      Faith    .    (no shield)
rNeg    . . .      Spirit   .    b - +0 robe
rPois   .          Reflect  .    (helmet restricted)
rElec   .          Harm     .    (no cloak)
rCorr   .          Rampage  .    (gloves unavailable)
Will    .....                    (boots unavailable)
Stlth   +++.......               i - amulet of magic regeneration
HPRegen 0.23/turn                T - +4 ring of protection
MPRegen 0.52/turn                (no ring)

@: slowed, quick
A: very small, no large weapons, unfitting armour, see invisible, speed 3
a: no special abilities


You were on level 3 of the Dungeon.
You visited 1 branch of the dungeon, and saw 3 of its levels.

You collected 162 gold pieces.


Innate Abilities, Weirdness & Mutations

You are very small and have problems with some larger weapons.
You are too small for most types of armour.
You have supernaturally acute eyesight. (SInv)
You cover ground extremely quickly. (Speed+++)


   Skills:
 + Level 2.3 Short Blades
 + Level 3.7 Dodging
 + Level 5.3 Stealth
 + Level 3.5 Spellcasting
 + Level 4.3 Hexes


You had 8 spell levels left.
You knew the following spells:

 Your Spells              Type           Power      Damage    Failure   Level
a - Ensorcelled Hibernat  Hex/Ice        20%        N/A       10%         2

Your spell library contained the following spells:

 Spells                   Type           Power      Damage    Failure   Level
 Confusing Touch          Hex            18%        N/A       8%          3
 Tukima's Dance           Hex            18%        N/A       8%          3
 Dazzling Flash           Conj/Hex       20%        N/A       19%         3
 Blink                    Tloc           6%         N/A       24%         2
 Manifold Assault         Tloc           3%         N/A       83%         4
 Storm Form               Tmut/Air       1%         N/A       100%        7

Inventory:

Hand Weapons
 a - a +1 dagger (weapon)
Armour
 b - a +0 robe (worn)
Jewellery
 i - an amulet of magic regeneration (around neck)
 M - a ring of magical power
 T - a +4 ring of protection (left hand)
Scrolls
 d - a scroll of fear {unknown}
 e - a scroll of amnesia {unknown}
 f - 3 scrolls of blinking
 g - a scroll of noise {unknown}
 h - 2 scrolls of teleportation {@r2}
 j - a scroll of magic mapping
 k - a scroll of enchant weapon {unknown}
 n - a scroll of enchant armour {unknown}
 o - a scroll of acquirement {unknown}
Potions
 c - 3 potions of invisibility
 l - a potion of attraction
 m - a potion of ambrosia
 p - a potion of curing {unknown}

Dungeon Overview and Level Annotations

Branches:
Dungeon (3/15)

Altars:

Annotations:
D:3 Natasha

#.##.#..###.......#######...
#.##........................
..####..###.#####.#######...
........# #.# #.#######...
######..###.### #...........
##..#.....# ###.#.######
#.........####.###.## #
######..[>.5.5...)....##.# #
...........h@..####.#.#.## #
..####...##.....#
##...######
.........####.### ##........
..####..## #># #########
##.#####..# #.# #
..........# #.# #
########.######.## #
#......(#.# # ########.## #


You could see Natasha, a crimson imp (summoned) and a shadow imp (summoned).


Message History

Natasha claws you but does no damage. The crimson imp closely misses you.
Natasha claws you. The crimson imp barely misses you.
You hit Natasha but do no damage.
Natasha is severely wounded.
Natasha stares at you and mumbles some strange words.
The magic dart hits you.
* * * LOW HITPOINT WARNING * * *
The crimson imp blinks!
You closely miss Natasha.
Natasha is severely wounded.
Natasha stares at you and mumbles some strange words.
The magic dart hits you but does no damage.
The crimson imp puffs mist at you.
You hit Natasha.
Natasha is almost dead.
Natasha misses you.
The crimson imp blinks!
Natasha mumbles some strange words.
You barely miss Natasha.
Natasha is almost dead.
Natasha claws you but does no damage. The shadow imp hits you.
* * * LOW HITPOINT WARNING * * *
The crimson imp hits you.
* * * LOW HITPOINT WARNING * * *
You closely miss Natasha.
Natasha is almost dead.
Natasha claws you.
* * * LOW HITPOINT WARNING * * *
The shadow imp gestures at you. Pain shoots through your body!
You die...

Skill      XL: |  1  2  3 |
---------------+----------+-----
Dodging        | 3 |  3.7
Spellcasting   | 3 |  3.5
Hexes          | 4 |  4.3
Short Blades   | 2 |  2.3
Stealth        | 5 |  5.3

Action                   |  1- 3 |  4- 6 || total
-------------------------+-------+-------++-------
Melee: Dagger            |   187 |    51 ||   238
       Punch             |     1 |       ||     1
 Cast: Ensorcelled Hiber |       |     1 ||     1
  Use: Scroll            |     5 |       ||     5
 Stab: Sleeping          |    13 |     5 ||    18
Armor: Robe              |    29 |     8 ||    37
Dodge: Dodged            |   118 |    43 ||   161

Levels and vault maps discovered:
D:1:      amcnicky_arrival_underground_garden, layout_loops_cross,
          shapermc_ecumenical_altar_notcrosses
D:2:      layout_basic, minmay_misc_feat_chi, minmay_quadrilaterals
D:3:      layout_loops_ring, uniq_natasha

Notes
Turn   | Place    | Note
-------+----------+-------------------------------------------
     0 | D:1      | xzight the Spriggan Enchanter began the quest for the Orb.
     0 | D:1      | Reached XP level 1. HP: 9/9 MP: 5/5
   388 | D:1      | Reached XP level 2. HP: 13/13 MP: 6/6
   399 | D:1      | Learned a level 2 spell: Ensorcelled Hibernation
   504 | D:1      | Reached skill level 3 in Dodging
   625 | D:1      | Reached skill level 3 in Spellcasting
   681 | D:1      | Found a faded altar of an unknown god.
  1272 | D:2      | Reached XP level 3. HP: 16/16 MP: 8/8
  1305 | D:2      | Reached skill level 4 in Hexes
  1404 | D:2      | Reached skill level 2 in Short Blades
  1457 | D:2      | Reached skill level 5 in Stealth
  2002 | D:3      | Reached XP level 4. HP: 21/21 MP: 10/10
  2176 | D:3      | Noticed Natasha
  2200 | D:3      | Killed Natasha
  2297 | D:3      | Noticed Natasha
  2316 | D:3      | Killed from afar by a shadow imp

Vanquished Creatures
  Natasha (D:3)
  2 adders
  A worm (D:2)
  3 dart slugs
  An orc (D:3)
  5 bats
  4 endoplasms
  A giant cockroach (D:2)
  6 goblins
  5 hobgoblins
  5 kobolds
  3 quokkas
  5 ball pythons
  5 frilled lizards
  3 rats (D:1)
50 creatures vanquished.

Table legend: (Time is in decaauts)
 A = Elapsed time spent in this place.
 B = Non-inter-level travel time spent in this place.
 C = Inter-level travel time spent in this place.
 D = Time resting spent in this place.
 E = Time spent auto-exploring this place.
 F = Levels seen in this place.
 G = Mean time per level.
                   A        B        C        D        E       F      G
               +--------+--------+--------+--------+--------+-----+--------+
         Total |   1611 |   1573 |     38 |    233 |    899 |   3 |  537.0 |
       Dungeon |   1611 |   1573 |     38 |    233 |    899 |   3 |  537.0 |
               +--------+--------+--------+--------+--------+-----+--------+

Top non-repeatable levels by time:
     D:2: 644 daAuts
     D:1: 643 daAuts
     D:3: 323 daAuts

Table legend:
 A = Non-vault XP
 B = Vault XP
 C = Vault XP percentage of total XP
 D = Non-vault monster count
 E = Vault monster count
 F = Vault count percentage of total count
                 A         B        C        D         E       F
            +---------+---------+-------+---------+---------+-------
      Total |      99 |      48 |  32.7 |      42 |       8 |  16.0
            +---------+---------+-------+---------+---------+-------
        D:1 |      28 |       0 |   0.0 |      16 |       0 |   0.0
        D:2 |      40 |      11 |  21.6 |      16 |       6 |  27.3
        D:3 |      31 |      37 |  54.4 |      10 |       2 |  16.7
            +---------+---------+-------+---------+---------+-------
